Cogmind - Beta 13 @@@ ROGUE MODE // 2024.04.05 @ 21:07:31 Player: Blank Result: Destroyed by Piercing Trap Performance ------------- Evolutions (0) 0 Regions Visited (2) 400 Robots Destroyed (18) 90 Value Destroyed (472) 472 Prototype IDs (0) 0 Alien Tech Used (0) 0 Bonus (-107) -107 TOTAL SCORE: 855 Bonus ------- Friendly Fire -107 Cogmind --------- Core Integrity 0/250 Matter 265/300 Energy 123/125 System Corruption 0% Temperature Cool (1) Movement Walking (330) Ox3 Location -10/Subcaves Parts ------- > --- POWER (1) -------- Light Ion Engine > --- PROPULSION (2) --- Aluminum Leg > --- UTILITY (2) ------ Large Storage Unit Improved Terrain Scanner > --- WEAPON (2) ------- Subdweller Laser Battle Cannon > --- INVENTORY (15) --- Light Ion Engine Improved Heat Sink Disposable Heat Sink Disposable Heat Sink Disposable Heat Sink Humpback Scrap Shield Subdweller Laser Subdweller Shrapnel Launcher Peak State ------------ > --- POWER ------------ Subdweller Power Source > --- PROPULSION ------- Carbon-fiber Leg Carbon-fiber Leg > --- UTILITY ---------- Large Storage Unit Seismic Detector > --- WEAPON ----------- Subdweller Laser Beamcaster > --- INVENTORY -------- Subdweller Power Source Aluminum Leg Aluminum Leg Aluminum Leg Carbon-fiber Leg Improved Heat Sink Disposable Heat Sink Improved Terrain Scanner Scrap Shield Subdweller Laser Subdweller Laser [Rating: 19] Favorites ----------- Power Light Ion Engine Engine Light Ion Engine Propulsion Aluminum Leg Leg Aluminum Leg Utility Large Storage Unit Device Seismic Detector Storage Large Storage Unit Protection Scrap Shield Weapon Light Assault Rifle Energy Gun Subdweller Laser Ballistic Gun Light Assault Rifle Ballistic Cannon Battle Cannon Launcher Grenade Launcher Build | -11 -10 -10 ------- Run | Yrd Mat Sub Slots Evolved . | . . . Power . | . . . Propulsion . | . . . Utility . | . . . Weapon . | . . . Parts Attached 32 | 7 3 22 Power 7 | 1 1 5 Engine 7 | 1 1 5 Core . | . . . Reactor . | . . . Propulsion 9 | 2 . 7 Treads . | . . . Leg 9 | 2 . 7 Wheel . | . . . Hover . | . . . Flight . | . . . Utility 7 | 2 1 4 Device 3 | 1 . 2 Storage 3 | 1 1 1 Processor . | . . . Hackware . | . . . Protection 1 | . . 1 Artifact . | . . . Weapon 9 | 2 1 6 Energy Gun 4 | . . 4 Energy Cannon . | . . . Ballistic Gun 2 | 2 . . Ballistic Cannon 1 | . . 1 Launcher 2 | . 1 1 Special Weapon . | . . . Impact Weapon . | . . . Slashing Weapon . | . . . Piercing Weapon . | . . . Special Melee Weapon . | . . . Unidentified Prototypes . | . . . Parts Lost 13 | . . 13 Power 3 | . . 3 Propulsion 5 | . . 5 Utility 1 | . . 1 Weapon 4 | . . 4 Highest Loss Streak 9 | . . 9 To Critical Strikes . | . . . Average Slot Usage (%) 91 | . 100 85 Engine 12 | . 14 11 Leg 23 | . 28 20 Device 11 | . 14 10 Storage 13 | . 14 13 Energy Gun 9 | . . 15 Ballistic Gun 13 | . 27 4 Launcher 4 | . . 7 Naked Turns . | . . . Heaviest Build 35 | 11 28 35 Greatest Support 30 | 20 20 30 Greatest Overweight (x) 3 | . 1 3 Average Overweight (x) 1 | . . 1 Largest Inventory Capacity 15 | 8 15 15 Average Capacity 13 | 7 13 14 Most Carried 15 | 3 10 15 Average Carried 9 | 1 8 11 Final Capacity 15 | 8 15 15 Final Carried 11 | 3 10 11 Class Distribution -------------------- 67% | Mutant 32% | Scavenger-Mutant Dominant Class ---------------- Mutant | -10/Materials Scavenger-Mutant | -10/Subcaves Resources | -11 -10 -10 ----------- Run | Yrd Mat Sub Matter Collected 678 | 282 50 346 Remotely . | . . . Salvage Created 672 | 129 158 385 Parts 37 | 7 11 19 Haulers Intercepted . | . . . Recyclers Shooed . | . . . Parts Field Recycled . | . . . Retrieved Matter . | . . . Parts Self-Destructed 4 | . . 4 Prevented . | . . . Kills | -11 -10 -10 ------- Run | Yrd Mat Sub Combat Hostiles Destroyed 13 | . 3 10 Guns 6 | . 3 3 AOE 7 | . . 7 Classes Destroyed 5 | 2 2 1 Tunneler 2 | 2 . . Recycler 2 | 1 1 . Watcher 1 | . 1 . Swarmer 3 | . 3 . Subdweller 10 | . . 10 Best Kill Streak 5 | 3 3 5 Combat Bots Only 5 | . 3 5 Max Kills in Single Turn 2 | 1 2 2 Gunslinging 1 | . 1 . Exploded 2 | . . 2 Melee . | . . . Uniques/NPCs Destroyed . | . . . Combat | -11 -10 -10 -------- Run | Yrd Mat Sub Hostile Shots Fired 78 | . 27 51 Missed 15 | . 5 10 Damage Taken 1382 | . 199 1183 Core 252 | . 54 198 Absorbed by Shields . | . . . Core Remaining (%) 100 | 100 . . Volleys Fired 58 | 6 18 34 Largest 2 | 2 2 2 Hottest 135 | 40 50 135 Shots Fired 107 | 12 36 59 Gun 95 | 12 35 48 Cannon . | . . . Launcher 12 | . 1 11 Special . | . . . Kinetic 58 | 12 35 11 Thermal 42 | . . 42 Explosive 7 | . 1 6 Electromagnetic . | . . . Robot Hit Streak 13 | 5 5 13 Robot Miss Streak 2 | 2 2 2 Penetration Max . | . . . Secondary Targets 1 | . 1 . Max Gunslinging Chain 1 | . 1 . Shots Hit Robots 74 | 7 19 48 Core Hits 40 | 5 9 26 Critical Kills . | . . . Critical Parts Destroyed 1 | . . 1 Critical Strikes 3 | . . 3 Destroy 3 | . . 3 Melee Attacks . | . . . Impact . | . . . Slashing . | . . . Piercing . | . . . Sneak Attacks . | . . . Combat Hostiles . | . . . Follow-up Attacks . | . . . Damage Inflicted 2099 | 74 175 1850 Guns 919 | 74 175 670 Cannons . | . . . Explosions 1180 | . . 1180 Melee . | . . . Ramming . | . . . Kinetic 566 | 74 175 317 Thermal 640 | . . 640 Explosive 893 | . . 893 Electromagnetic . | . . . Impact . | . . . Slashing . | . . . Piercing . | . . . Highest Corruption . | . . . Average Corruption . | . . . Corruption Purged . | . . . Corruption Blocked . | . . . Overload Shots . | . . . Overflow Damage . | . . . Projectiles . | . . . Explosions . | . . . Melee . | . . . Knockbacks . | . . . Impact . | . . . Kinetic . | . . . Secondary . | . . . Self-Inflicted Damage 51 | . 24 27 Shots 3 | . 1 2 Rammed . | . . . Targets Rammed . | . . . Kicked . | . . . Crushed . | . . . Highest Temperature 93 | . 10 93 Average Temperature 45 | . 7 46 Received Heat Transfer 204 | . . 204 Siege Activations . | . . . Robots Corrupted . | . . . Combat Hostiles . | . . . Parts Fried . | . . . Impact Corruptions . | . . . Robots Melted . | . . . Combat Hostiles . | . . . Parts Melted 3 | . . 3 Heat Transferred 895 | . . 895 Parts Sabotaged . | . . . Parts Stolen . | . . . Parts Stripped . | . . . Power Chain Reactions . | . . . Alert | -11 -10 -10 ------- Run | Yrd Mat Sub Peak Influence 85 | 15 85 . Initial 9 | . 9 . Average 16 | 6 18 . Maximum Alert Level . | . . . Low Security (%) 100 | 100 100 . Level 1 . | . . . Level 2 . | . . . Level 3 . | . . . Level 4 . | . . . Level 5 . | . . . High Security . | . . . Max Security . | . . . Squads Dispatched 1 | . 1 . Investigation 1 | . 1 . Extermination . | . . . Reinforcement . | . . . Assault . | . . . Garrison . | . . . Intercept . | . . . Searches Triggered . | . . . Construction Impeded . | . . . Haulers Reinforced . | . . . Active Scanning Responses . | . . . Cargo Convoy Interrupts . | . . . Stealth | -11 -10 -10 --------- Run | Yrd Mat Sub Distress Signals . | . . . Communications Jammed . | . . . Distress Signals . | . . . Times Spotted 23 | . 9 14 Peak Tracking Total 8 | . 3 8 Tactical Retreats . | . . . Traps | -11 -10 -10 ------- Run | Yrd Mat Sub Traps Triggered 3 | . . 3 Indirectly . | . . . Trap Hack Attempts . | . . . Triggered . | . . . Disarmed . | . . . Reprogrammed . | . . . Reused . | . . . Traps Extracted . | . . . Installed . | . . . Triggered 1 | . . 1 Machines | -11 -10 -10 ---------- Run | Yrd Mat Sub Machines Disabled . | . . . Max in Single Turn . | . . . Machines Repaired . | . . . Machines Dismantled . | . . . Machines Sabotaged . | . . . Overloaded Fab Kills . | . . . Hacking | -11 -10 -10 --------- Run | Yrd Mat Sub Machines Accessed 3 | . 3 . Terminals 2 | . 2 . Fabricators . | . . . Repair Stations . | . . . Recycling Units 1 | . 1 . Scanalyzers . | . . . Garrison Access . | . . . Total Hacks 13 | . 13 . Successful 8 | . 8 . Failed 5 | . 5 . Catastrophic 1 | . 1 . Database Lockouts . | . . . Manual . | . . . Terminals 9 | . 9 . Fabricators . | . . . Repair Stations . | . . . Recycling Units 4 | . 4 . Scanalyzers . | . . . Garrison Access . | . . . Terminal Hacks 5 | . 5 . Record 1 | . 1 . Emergency Access Points 2 | . 2 . Unreport Threat 1 | . 1 . Locate Traps 1 | . 1 . Fabricator Hacks . | . . . Repair Station Hacks . | . . . Recycling Unit Hacks 3 | . 3 . Process 1 | . 1 . Report Inventory 1 | . 1 . Retrieve Matter 1 | . 1 . Scanalyzer . | . . . Garrison Access Hacks . | . . . Unauthorized Hacks . | . . . Terminals . | . . . Fabricators . | . . . Repair Stations . | . . . Recycling Units . | . . . Scanalyzers . | . . . Garrison Access . | . . . Data Cores Recovered . | . . . Used . | . . . Hacking Detections 3 | . 3 . Full Trace Events 1 | . 1 . Feedback Events . | . . . Feedback Blocked . | . . . Robot Schematics Acquired . | . . . Robots Built . | . . . Authchips . | . . . Time . | . . . Total Robot Build Rating . | . . . Part Schematics Acquired . | . . . Parts Built . | . . . Authchips . | . . . Time . | . . . Total Part Build Rating . | . . . Parts Repaired . | . . . Time . | . . . Parts Recycled . | . . . Recycled Matter 119 | . 119 . Retrieved Matter 119 | . 119 . Retrieved Components . | . . . Parts Scanalyzed . | . . . Part Schematics Acquired . | . . . Parts Damaged . | . . . Bothacking | -11 -10 -10 ------------ Run | Yrd Mat Sub Used RIF Installer . | . . . Robots Hacked . | . . . Non-combat . | . . . Combat . | . . . Robot Hacks Applied . | . . . Relay Couplers Released . | . . . Fabnet Peak Effective % . | . . . Robots Rewired . | . . . Allies Hacked . | . . . Hacks Repelled . | . . . Allies | -11 -10 -10 -------- Run | Yrd Mat Sub Total Allies . | . . . Largest Group . | . . . Highest-Rated Group . | . . . Highest-Rated Ally . | . . . Total Orders . | . . . Ally Attacks . | . . . Total Damage . | . . . Kills . | . . . Allies Corrupted . | . . . Allies Melted . | . . . Intel | -11 -10 -10 ------- Run | Yrd Mat Sub Robot Analysis Total . | . . . Derelict Logs Recovered . | . . . Drone Launches . | . . . Drone Recoveries . | . . . Exploration | -11 -10 -10 ------------- Run | Yrd Mat Sub Turns Passed 2601 | 132 949 1520 Spaces Moved 1128 | 89 500 539 Core 5 | 5 . . Treads . | . . . Legs 1123 | 84 500 539 Wheels . | . . . Hover . | . . . Flight . | . . . Fastest Speed 50 | 50 120 120 Average Speed 202 | 116 166 251 Slowest Speed 330 | 120 190 330 Overloaded Moves . | . . . Propulsion Burnouts . | . . . Robots Hopped . | . . . Cave-ins Triggered . | . . . Exploration Rate (%) 23 | 5 49 17 Regions Visited 2 Branch Regions 1 Pre-discovered Areas . | . . . Known Exits Taken . | . . . Unknown Exits Taken 2 | 1 1 . Scrap Searched . | . . . Spaces Dug . | . . . Terrain Destroyed 68 | . 8 60 Melee . | . . . Projectile . | . . . AOE 68 | . 8 60 Terrain Rammed . | . . . Walls Destroyed . | . . . Machines Disabled . | . . . Actions | -11 -10 -10 --------- Run | Yrd Mat Sub Total 1346 | 104 590 652 Wait 67 | . 59 8 Move 1126 | 88 499 539 Hop . | . . . Pick Up 39 | 3 9 27 Fast Attach 12 | 7 1 4 Attach 14 | . . 14 Detach 4 | . . 4 Swap 6 | . 2 4 Drop 17 | . 2 15 Fire 58 | 6 18 34 Melee . | . . . Ram . | . . . Kick . | . . . Crush . | . . . Escape Stasis . | . . . Rewire 3 | . . 3 Trap . | . . . Miscellaneous . | . . . Route ------- -11/Scrapyard -10/Materials (discovered 2 exits: [*Min] / [*Sub]) -10/Subcaves History --------- Turn | Location | Event 19 | -11/Scrapyard | Discovered new exit (range 15) 133 | -11/Scrapyard | Entered Materials 305 | -10/Materials | Build established: Mutant 655 | -10/Materials | Discovered new exit (range 7) 1033 | -10/Materials | Discovered new exit (range 3) 1082 | -10/Materials | Entered Subcaves 1152 | -10/Subcaves | Ambushed by swarm of Subdwellers 1152 | -10/Subcaves | Ambushed by Subdwellers from Twisted Machinery 1192 | -10/Subcaves | Lost 3 allies 1589 | -10/Subcaves | Lost 4 parts (1p1n2w) 1784 | -10/Subcaves | Core integrity fell below 50% 1801 | -10/Subcaves | Ambushed by Subdweller buried in earth 1812 | -10/Subcaves | Core integrity fell below 20% 1846 | -10/Subcaves | Lost 9 parts (2p4n1u2w) 2424 | -10/Subcaves | Build established: Scavenger-Mutant 2475 | -10/Subcaves | Shifting Twisted Machinery released Battle Cannon 2602 | -10/Subcaves | Destroyed by Piercing Trap Last Messages --------------- Acquired 10 matter. Acquired 40 matter. Subatomizers dissect the Lgt. Assault Rifle, destroying it. Acquired 11 matter. Acquired 3 matter. Acquired 12 matter. Attempting to rewire YF-GZ5(R). YF-GZ5(R) is broken beyond repair. Attempting to rewire YF-GZ5(R). YF-GZ5(R) is broken beyond repair. Attempting to rewire YF-GZ5(R). YF-GZ5(R) is broken beyond repair. Acquired 12 matter. Battle Cannon falls loose from the Twisted Machinery. Acquired Battle Cannon. Triggered Piercing Trap. Spikes shoot up from the floor. Critical hit (Impale). Map ----- +----------------------------------------------------+ | ?????????????????????????????????????? | | ?????????????????????????????????????? | | ?????????????????????????????????????? | | ?????????????????????????????????????? | | ?????????????????????????????????????? | | ?????????????????????????????????????? | | ?????????????????????????????????????? | | ?????????????????????????????????????? | | ?????????????????????????????????????? | | ????????????????#????????????????????? | | ?????????????????????????????????????? | | ?????????#???????#???????????????????? | | ???????????????????????#?????????????? | | ?????????????????#???????????????????? | | ??????????????#????#?????????????????? | | ?????????????????????????????????????? | | ????????????##?????????#?????????????? | | ?????????????????????????#????#??????? | | ????????#???#????????#?#?#??#????????? | | ????????#????????#??????#????????????? | | ??????#?????#?#?????#?#??#???#?????#?# | | ???????#?????????########??#??????#??? | | ?????#?######??### ##?????????????? | | ???????# < <### #?##?????#????? | | ????#??# < <### ##????????#???? | | ?????""???# @<## ##????#?#####? | | ??????????#$ <## ""########"""## | | ??????????#< <# #""" ""## """ | | #????? ???### ## " #"" ## "" " | | ???#?????#?# #" " "#"""##" | | ???????? ??# """#""""#" " | | ???????????# "" #"""#" # | | ???????????# #<" #"""" ## | | ??????????#" ###" "## "##? | | ?????????## "?# "## # #?? | | ??????????# <"?## ##### # #?? | | ?????#????$<##### # #?? | | ??#???#???##??# #?? | | ??????????##?## ##""" & ##? | | ???????#??????# ### " " & " "#? | | ?????????????## #?####"""" """ ##? | | ????????????#?## ##???#####" ## #?? | | ?????#?????#??######??????## ## ##? | | ???????????#?#?## #???#### ### ### | | ????????????#??# #??### # ## ## | | ??????????#????# #?### | | ??????????????## #?# | | ?????????#????# ""#?##"" ## | | ??????????????# ""#??### ## | | ??????????????# ""#??# ### | +----------------------------------------------------+ Best States ------------- Heat Dissipation 25 Energy Generation 18 Energy Capacity 200 Matter Stores 300 Matter Capacity 300 Sight Range 16 Terrain Scan Range 16 Terrain Scan Density 10 Armor Coverage 800 Evasion (%) 55 Item Schematics ----------------- None Robot Schematics ------------------ None Fabricated ------------ Nothing Alien Tech Used ----------------- None Achievements -------------- None Challenges ------------ None Game ------ Seed PotentialGhostSegregator Manual? 0 Play Time 00:18:29 Cumulative 7.1 hours Start 2024.04.05 @ 20:50:25 End 2024.04.05 @ 21:07:31 Sessions 1 Manual Loads 0 Difficulty Rogue Special Mode None Game No. 10 Rogue 10 Adventurer 0 Explorer 0 Win Type - Total 0 Types 0/0/0/0/0/0/0/0/0 Lore% 16 Gallery% 12 Achievement% 11 Wizard Run 0 Options --------- Layout 1 ASCII 0 Keyboard 1 Movement Arrows Keybinds 0 Fullscreen 1 Font 24/Proggy Map View 50x35 Zoom Use 0% Tactical HUD 0 Map Filters NONE Filters NONE Steam 1 RUN: 952457ad-a6c4-4f37-9259-f76672e05376